 Dungeon Crawl Stone Soup version 0.30-a0-883-g5ad918d77d (webtiles) character file.

Game seed: 6092407946137351961

301638 Newt the Merry Kobold (level 21, -12/122 HPs)
             Began as a Kobold Hunter on Mar 17, 2023.
             Was the Champion of Hepliaklqana.
             Mangled by Osilorir's ghost (40 damage)
             ... on level 1 of the Depths.
             The game lasted 00:57:52 (41938 turns).

Newt the Merry Kobold (Kobold Hunter)              Turns: 41938, Time: 00:57:52

Health: -12/122    AC:  9    Str: 11    XL:     21   Next: 96%
Magic:  14/33      EV: 49    Int: 18    God:    Hepliaklqana [******]
Gold:   3386       SH:  0    Dex: 45    Spells: 33/36 levels left

rFire   + + .      SeeInvis .    P - +7 triple crossbow (drain)
rCold   + + +      Faith    .    (shield currently unavailable)
rNeg    + . .      Spirit   .    f - +1 leather armour of the Ward {rPois MP+9 Str+4 Slay+3}
rPois   +          Reflect  .    a - +0 helmet of the Eight Boll Weevils {rElec rF+ rC+ Dex+2}
rElec   +          Rampage  .    e - scarf {rC+ rF+}
rCorr   +                        T - +0 pair of gloves {Dex+3}
Will    ++...                    o - +0 pair of boots {Fly}
Stlth   +++++                    g - amulet "Ryf Kups" {Acrobat Dex+6 Slay+5}
HPRegen 0.40/turn                h - ring "Oceamegh" {Fly rCorr MP-9 Dex+6}
MPRegen 0.23/turn                n - ring "Qiadaox" {*Corrode rC+ rN+ Will+ Int+3}

@: flying
A: reduced essence, small, no large weapons, nightstalker 3, talons 1, clever 1,
MP-powered wands, sturdy frame 1
}: 2/15 runes: decaying, gossamer
a: Renounce Religion, Recall Ancestor, Ancestor Identity, Transference, Idealise


You were on level 1 of the Depths.
You worshipped Hepliaklqana.
Hepliaklqana was exalted by your worship.
You visited 8 branches of the dungeon, and saw 35 of its levels.
You also visited: Ossuary, Gauntlet and Ice Cave.

You collected 6036 gold pieces.
You spent 2650 gold pieces at shops.

Inventory:

Hand Weapons
 L - the +7 arbalest of Sequestration {speed, rF- rC+ Dex+6 SInv}
   (You found it on level 3 of the Elven Halls)

   Dex:       It affects your dexterity (+6).
   rF:        It makes you vulnerable to fire.
   rC:        It protects you from cold.
   SInv:      It lets you see invisible.
 P - a +7 triple crossbow of draining (weapon)
Armour
 a - the +0 helmet of the Eight Boll Weevils (worn) {rElec rF+ rC+ Dex+2}
   (You found it on level 1 of the Elven Halls)

   Dex:       It affects your dexterity (+2).
   rF:        It protects you from fire.
   rC:        It protects you from cold.
   rElec:     It insulates you from electricity.
 e - a scarf of resistance (worn)
 f - the +1 leather armour of the Ward (worn) {rPois MP+9 Str+4 Slay+3}
   (You found it on level 3 of the Spider Nest)

   Str:       It affects your strength (+4).
   Slay:      It affects your accuracy & damage with ranged weapons and melee
   (+3).
   rPois:     It protects you from poison.
   MP:        It affects your magic capacity (+9).
 o - a +0 pair of boots of flying (worn)
 q - +4 swamp dragon scales
 z - the +0 troll leather armour of Purpose {rElec Will++ Regen+ Str-4 Stlth+}
   (You bought it in a shop on level 1 of the Elven Halls)

   Str:       It affects your strength (-4).
   rElec:     It insulates you from electricity.
   Regen:     It increases your rate of health regeneration.
   Will:      It greatly increases your willpower.
   Stlth:     It makes you more stealthy.
 T - a +0 pair of gloves of dexterity (worn)
Jewellery
 g - the amulet "Ryf Kups" (around neck) {Acrobat Dex+6 Slay+5}
   (You bought it in a shop on level 11 of the Dungeon)

   [amulet of the acrobat]

   It increases your evasion while moving and waiting.
   Dex:       It affects your dexterity (+6).
   Slay:      It affects your accuracy & damage with ranged weapons and melee
   (+5).
 h - the ring "Oceamegh" (left hand) {Fly rCorr MP-9 Dex+6}
   (You bought it in a shop on level 2 of the Orcish Mines)

   [ring of resist corrosion]

   Dex:       It affects your dexterity (+6).
   MP:        It affects your magic capacity (-9).
   Fly:       It grants you flight.
   rCorr:     It protects you from acid and corrosion.
 m - the amulet "Kioxoh" {Reflect SH+5 Stlth+}
   (You took it off a deep elf sorcerer on level 3 of the Elven Halls)

   [amulet of reflection]

   It reflects blocked missile attacks.
   SH:        It affects your SH (+5).
   Stlth:     It makes you more stealthy.
 n - the ring "Qiadaox" (right hand) {*Corrode rC+ rN+ Will+ Int+3}
   (You found it on level 3 of the Dungeon)

   [ring of protection from cold]

   Int:       It affects your intelligence (+3).
   rC:        It protects you from cold.
   rN:        It protects you from negative energy.
   *Corrode:  It may corrode you when you take damage.
   Will:      It increases your willpower.
 s - a ring of see invisible
 y - a ring of protection from cold
 A - a +6 ring of strength
 B - a +6 ring of dexterity
 H - a ring of willpower
 N - the amulet "Zusurcha" {RegenMP Contam Rampage +Blink Str+2}
   (You found it on level 3 of the Elven Halls)

   [amulet of magic regeneration]

   It increases your rate of magic regeneration.
   Str:       It affects your strength (+2).
   +Blink:    It lets you blink.
   Contam:    It causes magical contamination when unequipped.
   Rampage:   It bestows one free step when moving towards enemies.
 U - the ring "Pausaon" {rF++ rC+ MP+9 Int+4}
   (You found it in a Gauntlet)

   [ring of magical power]

   Int:       It affects your intelligence (+4).
   rF:        It greatly protects you from fire.
   rC:        It protects you from cold.
   MP:        It affects your magic capacity (+9).
 W - the amulet "Seupp" {Spirit rCorr}
   (You found it on level 2 of the Lair of Beasts)

   [amulet of guardian spirit]

   It causes incoming damage to be divided between your reserves of health and
   magic.
   rCorr:     It protects you from acid and corrosion.
Wands
 d - a wand of light (27)
 x - a wand of polymorph (9)
 C - a wand of paralysis (8)
 F - a wand of mindburst (31)
 J - a wand of roots (13)
 M - a wand of flame (70)
 Y - a wand of digging (3)
Scrolls
 b - 4 scrolls of immolation
 c - 8 scrolls of magic mapping
 w - 17 scrolls of teleportation
 E - 2 scrolls of amnesia
 G - a scroll of butterflies
 I - 7 scrolls of poison
 O - 2 scrolls of silence
 R - a scroll of brand weapon
 S - 3 scrolls of fear
 Z - 5 scrolls of blinking
Potions
 i - 9 potions of invisibility
 j - 17 potions of curing
 k - 7 potions of ambrosia
 p - 4 potions of magic
 r - 5 potions of brilliance
 t - 9 potions of flight
 D - 7 potions of haste
 K - 4 potions of cancellation
 Q - 3 potions of mutation
 V - 7 potions of heal wounds
Miscellaneous
 l - a phial of floods
 u - a phantom mirror
 v - a box of beasts
 X - a condenser vane


   Skills:
 - Level 16.0 Fighting
 O Level 27 Ranged Weapons
 - Level 10.0 Armour
 * Level 18.0 Dodging
 - Level 1.3 Stealth
 - Level 8.0 Spellcasting
 - Level 8.0 Hexes
 - Level 8.0 Translocations
 - Level 9.0 Invocations
 - Level 16.0 Evocations


You had 33 spell levels left.
You knew the following spells:

 Your Spells              Type           Power      Damage    Failure   Level
a - Portal Projectile     Hex/Tloc       72%        N/A       1%          3

Your spell library contained the following spells:

 Spells                   Type           Power      Damage    Failure   Level
 Apportation              Tloc           72%        N/A       1%          1
 Slow                     Hex            100%       N/A       1%          1
 Blink                    Tloc           72%        N/A       1%          2
 Lesser Beckoning         Tloc           72%        N/A       1%          2
 Confusing Touch          Hex            36%        N/A       1%          3
 Gell's Gravitas          Tloc           36%        N/A       1%          3
 Teleport Other           Tloc           36%        N/A       1%          3
 Tukima's Dance           Hex            36%        N/A       1%          3
 Ensorcelled Hibernation  Hex/Ice        42%        N/A       3%          2
 Momentum Strike          Conj/Tloc      42%        3d9       3%          2
 Passage of Golubria      Tloc           36%        N/A       3%          4
 Foxfire                  Conj/Fire      28%        2x1d5     10%         1
 Kiss of Death            Conj/Necr      28%        2d7       10%         1
 Magic Dart               Conj           28%        1d4       10%         1
 Necrotise                Necr           28%        1d5       10%         1
 Sting                    Tmut/Pois      28%        1d4       10%         1
 Summon Small Mammal      Summ           28%        N/A       10%         1
 Kindle Blastsparks       Fire/Tloc/Air  32%        2d12      10%         3
 Cigotuvi's Dreadful Rot  Necr/Pois/Air  14%        N/A       16%         2
 Passwall                 Tmut/Erth      5%         N/A       16%         2
 Poisonous Vapours        Pois/Air       14%        N/A       16%         2
 Scorch                   Fire           14%        2d6       16%         2
 Searing Ray              Conj           14%        2d5       16%         2
 Sublimation of Blood     Necr           7%         N/A       16%         2
 Fulminant Prism          Conj/Hex       10%        3d9       19%         4
 Leda's Liquefaction      Hex/Erth       10%        N/A       19%         4
 Frozen Ramparts          Ice            14%        1d3       30%         3
 Hailstorm                Conj/Ice       7%         3d4       30%         3
 Ignite Poison            Fire/Tmut/Pois 7%         N/A       30%         3
 Spider Form              Tmut/Pois      7%         N/A       30%         3
 Stone Arrow              Conj/Erth      14%        3d7       30%         3
 Swiftness                Air            7%         N/A       30%         3
 Vampiric Draining        Necr           7%         2d6       30%         3
 Metabolic Englaciation   Hex/Ice        10%        N/A       47%         5
 Silence                  Hex/Air        10%        N/A       47%         5
 Dispersal                Tloc           18%        N/A       50%         6
 Animate Armour           Summ/Erth      14%        N/A       69%         4
 Dispel Undead            Necr           7%         3d8       69%         4
 Flame Wave               Conj/Fire      7%         2d5       69%         4
 Ice Form                 Ice/Tmut       7%         N/A       69%         4
 Olgreb's Toxic Radiance  Pois           7%         N/A       69%         4
 Petrify                  Tmut/Erth      7%         N/A       69%         4
 Sticky Flame             Conj/Fire      7%         2d3       69%         4
 Summon Ice Beast         Ice/Summ       7%         N/A       69%         4
 Summon Lightning Spire   Summ/Air       7%         N/A       69%         4
 Agony                    Necr           7%         N/A       95%         5
 Alistair's Intoxication  Tmut/Pois      4%         N/A       95%         5
 Blade Hands              Tmut           3%         N/A       95%         5
 Borgnjor's Vile Clutch   Necr/Erth      3%         N/A       95%         5
 Fireball                 Conj/Fire      3%         3d4       95%         5
 Irradiate                Conj/Tmut      3%         3d12      95%         5
 Iskenderun's Battlesphe  Conj           7%         2d6       95%         5
 Lee's Rapid Deconstruct  Erth           3%         3d5*      95%         5
 Lightning Bolt           Conj/Air       3%         1d15      95%         5
 Death Channel            Necr           3%         N/A       100%        6
 Eringya's Noxious Bog    Tmut/Pois      3%         N/A       100%        6
 Iron Shot                Conj/Erth      3%         9d2       100%        6
 Simulacrum               Ice/Necr       3%         N/A       100%        6
 Starburst                Conj/Fire      3%         6d3       100%        6
 Statue Form              Tmut/Erth      4%         N/A       100%        6
 Summon Cactus Giant      Summ           3%         N/A       100%        6
 Spellforged Servitor     Conj/Summ      3%         N/A       100%        7
 Ignition                 Fire           3%         3d4       100%        8
 Lehudib's Crystal Spear  Conj/Erth      3%         10d3      100%        8


Dungeon Overview and Level Annotations

Branches:
Dungeon (15/15)            Temple (1/1) D:4            Lair (5/5) D:9
  Swamp (4/4) Lair:3       Spider (4/4) Lair:3        Slime (0/5) Lair:5
    Orc (2/2) D:10            Elf (3/3) Orc:2        Vaults (0/5) D:14
 Depths (1/4) D:15        Ossuary (visited)           IceCv (visited)
Gauntlet (visited)

Altars:
Ashenzari
Cheibriados
Dithmenos
Elyvilon
Fedhas
Gozag
Hepliaklqana
Kikubaaqudgha
Makhleb
Nemelex Xobeh
Okawaru
Qazlal
Trog
Uskayaw
Vehumet
Xom
Yredelemnul
Zin
The Shining One

Shops:
D:8 (   D:11 :?==?   D:13 ?   Orc:2 (*=![   Elf:1 ==*[[

Portals:
Hell: Depths:1

Annotations:
Temple 2 transporters
Depths:1 Osilorir's ghost, veteran MfMo


Innate Abilities, Weirdness & Mutations

Your life essence is reduced to manifest your ancestor. (-10% HP)
You are small and have problems with some larger weapons.
You are completely attuned to the shadows.
You have sharp toenails.
Your mind is acute. (Int +4, Str/Dex -1)
You expend magic power (3 MP) to strengthen your wands.
Your movements are slightly less encumbered by armour. (ER -2)


Message History

Select a target.
Press: ? - help, Dir - move target, f/p - Osilorir's ghost
Aim: Osilorir's ghost, wielding a heavy weapon (almost destroyed, ally target)
The floor, spattered with blood.
Osilorir's ghost swaps with Lucius!
Osilorir's ghost is drained by nostalgia.
Lucius hits Osilorir's ghost but does no damage.
Osilorir's ghost closely misses you.
You are no longer teleporting projectiles to their destination.
Lucius completely misses Osilorir's ghost.
Unknown command.
Fire: P) +7 triple crossbow (drain)
Press: ? - help, Shift-Dir - straight line, f/p - Osilorir's ghost
Aim: Osilorir's ghost, wielding a heavy weapon (almost destroyed, lightly drained, ally target, 17% to hit)
You shoot a bolt.
The bolt barely misses Osilorir's ghost.
Lucius completely misses Osilorir's ghost.
Osilorir's ghost completely misses you.
Unknown command.
Osilorir's ghost attacks as you move away!
Osilorir's ghost barely misses you.
Lucius completely misses Osilorir's ghost.
Fire: P) +7 triple crossbow (drain)
Press: ? - help, Shift-Dir - straight line, f/p - Osilorir's ghost
Aim: Osilorir's ghost, wielding a heavy weapon (almost destroyed, lightly drained, ally target, 17% to hit)
You shoot a bolt.
The bolt completely misses Osilorir's ghost.
Osilorir's ghost hits you.
* * * LOW HITPOINT WARNING * * *
Unknown command.
Lucius completely misses Osilorir's ghost.
Unknown command.
Fire: P) +7 triple crossbow (drain)
Press: ? - help, Shift-Dir - straight line, f/p - Osilorir's ghost
Aim: Osilorir's ghost, wielding a heavy weapon (almost destroyed, lightly drained, ally target, 17% to hit)
You shoot a bolt.
The bolt closely misses Osilorir's ghost.
Lucius completely misses Osilorir's ghost.
Osilorir's ghost hits you!!!
You die...

.....##....§...............
≈≈.........................
≈..#...≈..............§§§≈.
.##...~≈..............§§≈§.
###~≈§§§.....≈.....§≈≈≈§.
#≈.[≈§.....§..........§
#.≈§§§..............≈.§
).~≈≈§...#######...≈..≈
≈.#.@..#.... #.......
≈.##.WR#8... #.......
#...'..(. #.......
#...'§... #.......
##..'§(.. #....... #..#...(
#......? #..#)..( #.......
###########.....!
#..............


You could see the friendly Lucius the knight (fast, reflecting) and Osilorir's
ghost (drained, ally target).

Vanquished Creatures
  the Lernaean hydra (Swamp:4)
  Nikola (Swamp:1)
  An Ice Fiend (IceCv)
  3 deep elf blademasters (Elf:3)
  A deep elf master archer (Elf:3)
  Gastronok (Lair:3)
  Donald (Swamp:1)
  Roxanne (Spider:4)
  A fire giant (Depths:1)
  4 ghost moths
  Aizul (Spider:4)
  4 emperor scorpions
  5 deep elf sorcerers (Elf:3)
  The ghost of soul19 the Warrior, a journeyman DsFi of Dithmenos (Orc:2)
  3 deep elf elementalists (Elf:3)
  A quicksilver ooze (Gauntlet)
  The ghost of Pokonic1 the Covert, a journeyman FoFi of Yredelemnul (D:12)
  8 very ugly things (Depths:1)
  A broodmother (Spider:4)
  The ghost of Newt the Markskobold, a journeyman KoHu of Hepliaklqana (Lair:5)
  Nessos (D:15)
  A stone giant (Depths:1)
  4 eleionomae
  2 deep elf demonologists
  2 bunyips
  A minotaur (Gauntlet)
  A spark wasp (Spider:4)
  The ghost of sirJeffrey23 the Thaumaturge, a journeyman DrEE of Gozag (D:11)
  4 deep elf annihilators
  3 fire dragons
  3 deep elf death magi (Elf:3)
  6 entropy weavers
  An ettin (D:15)
  Josephine (D:13)
  5 deep elf high priests (Elf:3)
  A rakshasa (Depths:1)
  2 caustic shrike simulacra (IceCv)
  21 hydras
  An ice dragon (Depths:1)
  Erolcha (D:11)
  6 jorogumos
  A catoblepas (Lair:5)
  3 centaur warriors (D:15)
  A death knight (D:14)
  4 radroaches
  2 ghost crabs (Spider:3)
  4 alligators
  24 dancing weapons
  3 tengu warriors
  Erica (D:8)
  2 two-headed ogres
  9 death scarabs
  Urug (Orc:2)
  A spriggan berserker (Depths:1)
  An orc high priest (Orc:2)
  20 deep elf knights
  A spectral emperor scorpion (Spider:4)
  Sonja (Lair:4)
  A skyshark (Lair:5)
  11 pharaoh ants
  2 spriggan druids
  A goliath frog (Swamp:1)
  A glowing orange brain (shapeshifter) (D:15)
  A deep troll (D:15)
  4 orb spiders
  10 bog bodies
  9 swamp dragons
  14 deep elf archers
  A spectral hydra (Gauntlet)
  6 spriggan simulacra (IceCv)
  23 deep elf zephyrmancers
  2 phantasmal warriors (D:14)
  2 lindwurms (Lair:5)
  An obsidian statue (IceCv)
  4 wizards
  A necromancer (D:15)
  A harpy (shapeshifter) (Elf:3)
  27 deep elf pyromancers
  An orc knight (D:15)
  11 steelbarb worms
  5 orc sorcerers
  16 wolf spiders
  4 moths of wrath
  Maurice (D:13)
  4 cyclopes
  15 ugly things
  4 will-o-the-wisps
  4 manticores
  16 elephants
  9 black mambas
  6 demonic crawlers
  A gargoyle (D:13)
  An ice statue (Spider:3)
  14 cane toads
  A cane toad (shapeshifter) (D:15)
  6 torpor snails
  9 komodo dragons
  6 rime drakes
  4 unseen horrors
  A spectral redback (Spider:4)
  An efreet (D:14)
  An anaconda simulacrum (IceCv)
  5 freezing wraiths
  A golden dragon simulacrum (IceCv)
  8 ice devils (IceCv)
  A queen bee (D:12)
  A troll (Orc:2)
  2 hornets
  24 tarantellas
  16 tyrant leeches
  A polar bear (Lair:4)
  A snapping turtle (shapeshifter) (Elf:1)
  14 blink frogs
  Grinder (D:5)
  2 spectral jumping spiders (Spider:4)
  A jumping spider zombie (Spider:4)
  2 tarantella zombies (Spider:4)
  A slime creature (shapeshifter) (Elf:3)
  4 spectral tarantellas (Spider:4)
  9 dream sheep
  21 jumping spiders
  12 slime creatures
  3 spectral culicivoras (Spider:4)
  26 culicivoras
  Sigmund (D:2)
  2 air elementals
  2 spriggans
  4 wyverns
  49 yaks
  5 large abominations (D:9)
  2 fire elementals
  A dire elephant simulacrum (IceCv)
  9 basilisks
  A fire bat (Depths:1)
  2 hogs (D:14)
  5 spectral komodo dragons (Gauntlet)
  4 water elementals (Elf:3)
  6 wraiths
  69 redbacks
  2 steam dragons
  Eustachio (D:6)
  3 neqoxecs
  A chaos spawn (Gauntlet)
  7 minotaur simulacra (IceCv)
  24 vampire mosquitoes
  Edmund (D:5)
  17 swamp worms
  5 water moccasins
  A warg (Orc:2)
  4 acid dragons
  A hydra simulacrum (IceCv)
  6 swamp drakes
  12 orc warriors
  3 sky beasts
  3 black bears
  2 alligator simulacra (IceCv)
  2 ogres
  5 wolves
  3 centaurs
  3 kobold brigands
  An elf zombie (Ossuary)
  Blork the orc (D:6)
  16 bullfrogs
  A scorpion (D:6)
  5 deep troll simulacra (IceCv)
  7 small abominations (D:9)
  4 wights
  4 lindwurm simulacra (IceCv)
  16 killer bees
  5 howler monkeys
  3 electric eels (Lair:2)
  2 centaur zombies (Ossuary)
  3 quasits (Orc:2)
  4 jellies
  Crazy Yiuf (D:5)
  A human zombie (Ossuary)
  18 orc priests
  Ijyb (D:4)
  8 iguanas
  31 orc wizards
  2 mummies (Ossuary)
  3 gnolls (D:3)
  8 adders
  A shadow imp (D:6)
  3 white imps
  2 adder zombies (Ossuary)
  2 worms
  3 dart slugs
  52 orcs
  7 endoplasms
  6 goblins
  7 hobgoblins
  2 jackals (D:3)
  16 kobolds
  3 quokkas
  9 ball pythons
  7 bats
  A goblin zombie (Ossuary)
  11 hobgoblin zombies (Ossuary)
  2 jackal zombies (Ossuary)
  6 kobold zombies (Ossuary)
  8 orc zombies (Ossuary)
  5 rats
  2 rat zombies (Ossuary)
1175 creatures vanquished.

Vanquished Creatures (collateral kills)
  Jorgrun (Swamp:3)
  Kirke (D:14)
  2 emperor scorpions
  A ghost moth (Spider:4)
  A deep elf sorcerer (Elf:3)
  A deep elf elementalist (Elf:3)
  A broodmother (Spider:2)
  2 deep elf demonologists (Elf:3)
  A bunyip (Swamp:2)
  3 deep elf annihilators (Elf:3)
  A deep elf death mage (Elf:3)
  An entropy weaver (Spider:1)
  A fire dragon (Lair:5)
  A deep elf high priest (Elf:3)
  3 hydras
  A ghost crab (Swamp:2)
  A boulder beetle (Spider:3)
  A dancing weapon (Elf:2)
  3 death scarabs (Spider:4)
  3 deep elf knights
  2 pharaoh ants
  2 spriggan simulacra (IceCv)
  2 swamp dragons
  A deep elf archer (Elf:3)
  3 bog bodies
  2 deep elf pyromancers
  A deep elf zephyrmancer (Elf:3)
  An orc knight (Orc:2)
  A steelbarb worm (Spider:3)
  2 orc sorcerers (Orc:2)
  4 wolf spiders
  3 ugly things
  A wolf spider zombie (Spider:4)
  2 manticores (Lair:5)
  A moth of wrath (Spider:4)
  3 elephants
  A demonic crawler (Spider:4)
  Joseph (D:7)
  An ice statue (Spider:3)
  3 torpor snails
  3 ice devils (IceCv)
  Psyche (D:11)
  2 komodo dragons
  A rime drake (Lair:5)
  An anaconda simulacrum (IceCv)
  A redback zombie (Spider:4)
  4 tarantellas
  A tyrant leech (Swamp:2)
  A culicivora zombie (Spider:4)
  5 dream sheep
  2 blink frogs (Lair:5)
  3 hornets (Swamp:1)
  A tarantella zombie (Spider:4)
  A centaur simulacrum (D:14)
  5 yaks
  3 culicivoras
  4 spriggans
  A water elemental (Elf:2)
  A wraith (D:13)
  2 fire bats (Depths:1)
  A hog (D:14)
  A basilisk (D:12)
  A neqoxec (Orc:2)
  5 vampire mosquitoes
  12 redbacks
  A minotaur simulacrum (IceCv)
  A harpy simulacrum (IceCv)
  A water moccasin (Lair:5)
  A hydra simulacrum (IceCv)
  4 orc warriors (Orc:2)
  A black bear (D:9)
  2 swamp drakes (Swamp:4)
  An alligator simulacrum (IceCv)
  A deep troll simulacrum (IceCv)
  2 killer bees (D:9)
  A howler monkey (D:8)
  A quasit (Orc:2)
  4 orc priests (Orc:2)
  11 orc wizards
  A shadow imp (D:7)
  10 orcs
  A kobold (D:7)
174 creatures vanquished.

Vanquished Creatures (others)
  A deep elf master archer (Elf:3)
  A deep elf archer (Elf:1)
  A swamp dragon (Swamp:3)
  3 bloated husks (Swamp:3)
  16 knights
  An orc wizard (Orc:2)
  A bush (Lair:2)
  69 fungi
  56 plants
  3 withered plants (D:14)
152 creatures vanquished.

Grand Total: 1501 creatures vanquished

Notes
Turn   | Place    | Note
-------+----------+-------------------------------------------
     0 | D:1      | Newt the Kobold Hunter began the quest for the Orb.
     0 | D:1      | Reached XP level 1. HP: 12/12 MP: 1/1
    82 | D:1      | Reached XP level 2. HP: 18/18 MP: 2/2
   534 | D:1      | Reached XP level 3. HP: 23/23 MP: 3/3
   943 | D:2      | Noticed Sigmund
   948 | D:2      | Killed Sigmund
   949 | D:2      | Reached skill level 5 in Fighting
   949 | D:2      | Reached skill level 7 in Ranged Weapons
   949 | D:2      | Reached XP level 4. HP: 19/31 MP: 4/4
   949 | D:2      | Reached XP level 5. HP: 21/35 MP: 5/5
   949 | D:2      | Reached XP level 6. HP: 24/40 MP: 6/6
  1832 | D:3      | Noticed a +0 dagger
  1832 | D:3      | Noticed a +0 dagger
  1845 | D:3      | Found a hide-covered altar of Uskayaw.
  1902 | D:3      | Reached skill level 8 in Ranged Weapons
  2010 | D:3      | Found a faded altar of an unknown god.
  2013 | D:3      | Identified the +0 helmet of Ceimih {rElec rPois rC+ Str+2}
  2028 | D:3      | Identified the ring "Qiadaox" {*Corrode rC+ rN+ Will+
                  | Int+3}
  2092 | D:3      | Found a basalt altar of Yredelemnul.
  2249 | D:3      | Reached XP level 7. HP: 44/44 MP: 7/7
  2263 | D:3      | Reached skill level 9 in Ranged Weapons
  2637 | D:4      | Found a staircase to the Ecumenical Temple.
  2661 | Temple   | Entered the Ecumenical Temple
  2664 | Temple   | Found a transporter.
  2664 | Temple   | Found a transporter.
  2666 | Temple   | Found a transporter.
  2666 | Temple   | Found a transporter.
  2686 | Temple   | Became a worshipper of Hepliaklqana the Forgotten
  2878 | D:4      | Found a glowing silver altar of Zin.
  2878 | D:4      | Found a white marble altar of Elyvilon.
  2878 | D:4      | Found a glowing golden altar of the Shining One.
  3004 | D:4      | Found a bloodstained altar of Trog.
  3016 | D:4      | Noticed Ijyb
  3018 | D:4      | Reached skill level 10 in Ranged Weapons
  3022 | D:4      | Killed Ijyb
  3221 | D:5      | Entered Level 5 of the Dungeon
  3238 | D:5      | Found a sand-covered staircase.
  3244 | Ossuary  | Entered an ossuary
  3315 | Ossuary  | Reached XP level 8. HP: 49/49 MP: 8/8
  3421 | Ossuary  | Reached skill level 5 in Dodging
  3810 | D:5      | Reached * piety under Hepliaklqana
  3881 | D:5      | Noticed Edmund
  3884 | D:5      | Noticed Grinder
  3887 | D:5      | Killed Edmund
  3888 | D:5      | Reached skill level 11 in Ranged Weapons
  3893 | D:5      | Killed Grinder
  4065 | D:5      | Reached skill level 12 in Ranged Weapons
  4065 | D:5      | Reached XP level 9. HP: 42/48 MP: 9/9
  4387 | D:5      | Found a runed translucent door.
  4390 | D:5      | Noticed Crazy Yiuf
  4692 | D:5      | Killed Crazy Yiuf
  4849 | D:6      | Noticed Blork the orc
  4857 | D:6      | Killed Blork the orc
  4858 | D:6      | Reached skill level 13 in Ranged Weapons
  5120 | D:6      | Noticed Eustachio
  5129 | D:6      | Killed Eustachio
  5203 | D:6      | Reached skill level 14 in Ranged Weapons
  5434 | D:7      | Reached ** piety under Hepliaklqana
  5435 | D:7      | Remembered your ancestor Lucius as a knight
  5797 | D:7      | Found an opulent altar of Gozag.
  5800 | D:7      | Found a stormy altar of Qazlal.
  5803 | D:7      | Found a broken altar of Ashenzari.
  5807 | D:7      | Found a shadowy altar of Dithmenos.
  5810 | D:7      | Found a snail-covered altar of Cheibriados.
  5989 | D:7      | Reached skill level 15 in Ranged Weapons
  6237 | D:7      | Noticed Joseph
  6251 | D:7      | Killed Joseph
  6252 | D:7      | Reached XP level 10. HP: 49/53 MP: 10/10
  7002 | D:8      | Reached *** piety under Hepliaklqana
  7033 | D:8      | Found Kepsurphuomp's Firing Range.
  7040 | D:8      | Bought a +0 triple crossbow for 140 gold pieces
  7081 | D:8      | Reached skill level 5 in Armour
  7312 | D:8      | Noticed Erica
  7313 | D:8      | Killed Erica
  7314 | D:8      | Reached skill level 1 in Evocations
  7670 | D:9      | Noticed a komodo dragon
  7679 | D:9      | Reached skill level 5 in Evocations
  7684 | D:9      | Killed a komodo dragon
  7694 | D:9      | Reached XP level 11. HP: 56/56 MP: 11/11
  7698 | D:9      | Found a staircase to the Lair.
  8273 | D:9      | Noticed a wizard
  8276 | D:9      | Killed a wizard
  8277 | D:9      | Reached skill level 16 in Ranged Weapons
  8284 | D:9      | Noticed a large abomination
  8290 | D:9      | Killed a large abomination
  8291 | D:9      | Reached skill level 17 in Ranged Weapons
  8537 | D:9      | Got the Directory of Comburant Wanderlust
  9013 | D:10     | Entered Level 10 of the Dungeon
  9133 | D:10     | Found a staircase to the Orcish Mines.
  9230 | D:10     | Reached **** piety under Hepliaklqana
  9349 | D:10     | Reached skill level 18 in Ranged Weapons
  9816 | D:11     | Found Afiamn's Jewellery Emporium.
  9873 | D:11     | Found a runed translucent door.
  9873 | D:11     | Noticed sirJeffrey23's ghost (journeyman DrEE)
  9889 | D:11     | Noticed a white ugly thing
 10258 | D:11     | Killed a white ugly thing
 10331 | D:11     | Noticed a two-headed ogre
 10332 | D:11     | Killed a two-headed ogre
 10333 | D:11     | Reached skill level 19 in Ranged Weapons
 10383 | D:11     | Found Kaut's Magic Scroll Emporium.
 10386 | D:11     | Bought a scroll of identify for 24 gold pieces
 10393 | D:11     | Reached XP level 12. HP: 61/61 MP: 12/12
 10394 | D:11     | Noticed Psyche
 10397 | D:11     | Killed Psyche
 10409 | D:11     | Found Gory's Jewellery Shop.
 10695 | D:11     | Noticed Erolcha
 10710 | D:11     | Killed Erolcha
 10988 | D:11     | Found Rygak's Book Shoppe.
 11204 | D:11     | Reached ***** piety under Hepliaklqana
 11250 | D:11     | Reached skill level 20 in Ranged Weapons
 11377 | D:11     | Found Fius's Magic Scroll Emporium.
 11451 | D:11     | Killed sirJeffrey23's ghost
 12579 | D:12     | Reached skill level 10 in Dodging
 12863 | D:12     | Found a runed translucent door.
 12865 | D:12     | Noticed Pokonic1's ghost (journeyman FoFi)
 12886 | D:12     | You fall into a shaft and drop 3 floors!
 12886 | D:15     | Entered Level 15 of the Dungeon
 12902 | D:15     | Noticed a tengu warrior
 12907 | D:15     | Killed a tengu warrior
 12915 | D:15     | Reached XP level 13. HP: 66/68 MP: 13/13
 12916 | D:15     | Noticed an ettin
 12919 | D:15     | Killed an ettin
 12926 | D:15     | Noticed an eight-headed hydra
 12928 | D:15     | Killed an eight-headed hydra
 12928 | D:15     | Noticed a centaur warrior
 12932 | D:15     | Killed a centaur warrior
 12933 | D:15     | Reached skill level 1 in Invocations
 13023 | D:15     | Found a staircase to the Depths.
 13087 | D:15     | Identified the +3 rapier "Ziv Vurphouxt" {flame, rN+}
 13140 | D:15     | Noticed a centaur warrior
 13141 | D:15     | Noticed a rakshasa
 13144 | D:15     | Reached skill level 5 in Invocations
 13150 | D:15     | Killed a centaur warrior
 13441 | D:15     | Noticed Nessos
 13443 | D:15     | Killed Nessos
 13474 | D:15     | Identified a scroll of acquirement
 13544 | D:15     | Noticed a centaur warrior
 13546 | D:15     | Killed a centaur warrior
 13985 | D:14     | Found a gate to the Vaults.
 14358 | D:14     | Acquired 486 gold pieces
 14387 | D:14     | Noticed a six-headed hydra
 14392 | D:14     | Killed a six-headed hydra
 14604 | D:14     | Noticed a fire dragon
 15016 | D:13     | Noticed Maurice
 15022 | D:13     | Killed Maurice
 15023 | D:13     | Reached XP level 14. HP: 77/77 MP: 20/20
 15033 | D:13     | Reached skill level 21 in Ranged Weapons
 15251 | D:13     | Noticed Josephine
 15255 | D:13     | Killed Josephine
 15329 | D:13     | Found Laomoh's Magic Scroll Boutique.
 15539 | D:11     | Bought the amulet "Ryf Kups" {Acrobat Dex+6 Slay+5} for 776
                  | gold pieces
 15817 | D:12     | Killed Pokonic1's ghost
 15958 | Lair:1   | Entered Level 1 of the Lair of Beasts
 16107 | Lair:1   | Reached skill level 22 in Ranged Weapons
 16830 | Lair:2   | Identified the amulet "Seupp" {Spirit rCorr}
 17206 | Lair:2   | Reached skill level 23 in Ranged Weapons
 17803 | Lair:3   | Reached ****** piety under Hepliaklqana
 17883 | Lair:3   | Noticed Gastronok
 17890 | Lair:3   | Killed Gastronok
 17902 | Lair:3   | Found a basalt altar of Yredelemnul.
 18162 | Lair:3   | Reached skill level 24 in Ranged Weapons
 18265 | Lair:3   | Found a staircase to the Swamp.
 18267 | Lair:3   | Reached XP level 15. HP: 81/81 MP: 21/21
 18303 | Lair:3   | Found a hole to the Spider Nest.
 18532 | Lair:4   | Found a gate leading to a gauntlet.
 18538 | Gauntlet | Entered a Gauntlet
 18538 | Gauntlet | Found a transporter.
 18551 | Gauntlet | Found a transporter.
 18563 | Gauntlet | Found a transporter.
 18576 | Gauntlet | Found a transporter.
 18588 | Gauntlet | Found a transporter.
 18605 | Gauntlet | Found a transporter.
 18677 | Gauntlet | Found a transporter.
 18696 | Gauntlet | Found a transporter.
 18705 | Gauntlet | Found a transporter.
 18717 | Gauntlet | Found a transporter.
 18887 | Gauntlet | Found a transporter.
 18890 | Gauntlet | Found a transporter.
 18896 | Gauntlet | Noticed a quicksilver ooze
 18899 | Gauntlet | Killed a quicksilver ooze
 19105 | Gauntlet | Found a transporter.
 19107 | Gauntlet | Found a transporter.
 19289 | Gauntlet | Identified the ring "Pausaon" {rF++ rC+ MP+9 Int+4}
 19361 | Gauntlet | Reached skill level 10 in Evocations
 19696 | Lair:4   | Noticed Sonja
 19699 | Lair:4   | Killed Sonja
 20233 | Lair:5   | Entered Level 5 of the Lair of Beasts
 20709 | Lair:5   | Found a runed translucent door.
 20709 | Lair:5   | Found a shimmering altar of Xom.
 20709 | Lair:5   | Noticed Newt's ghost (journeyman KoHu)
 20862 | Lair:5   | Reached XP level 16. HP: 86/86 MP: 22/22
 21102 | Lair:5   | Identified the +1 plate armour "Qesom" {+Blink rElec Str+3}
 21127 | Lair:5   | Identified the +4 falchion of Currency {elec, SInv}
 21216 | Lair:5   | Found a staircase to the Slime Pits.
 22018 | Lair:5   | Killed Newt's ghost
 22034 | Lair:5   | Gained mutation: Your spells are a little easier to cast,
                  | but a little less powerful. [potion of mutation]
 22034 | Lair:5   | Gained mutation: You are frail. (-10% HP) [potion of
                  | mutation]
 22034 | Lair:5   | Gained mutation: You passively dampen the noise of your
                  | surroundings. [potion of mutation]
 22034 | Lair:5   | Gained mutation: You possess an exceptional clarity of
                  | mind. [potion of mutation]
 22035 | Lair:5   | Lost mutation: You are frail. (-10% HP) [potion of
                  | mutation]
 22035 | Lair:5   | Lost mutation: You possess an exceptional clarity of mind.
                  | [potion of mutation]
 22035 | Lair:5   | Lost mutation: Your spells are a little easier to cast, but
                  | a little less powerful. [potion of mutation]
 22035 | Lair:5   | Lost mutation: You passively dampen the noise of your
                  | surroundings. [potion of mutation]
 22035 | Lair:5   | Gained mutation: You are robust. (+10% HP) [potion of
                  | mutation]
 22036 | Lair:5   | Lost mutation: You are robust. (+10% HP) [potion of
                  | mutation]
 22036 | Lair:5   | Gained mutation: You are weak. (Str -2) [potion of
                  | mutation]
 22036 | Lair:5   | Gained mutation: You expend magic power (3 MP) to
                  | strengthen your wands. [potion of mutation]
 22036 | Lair:5   | Gained mutation: You occasionally shout uncontrollably at
                  | your foes. [potion of mutation]
 22037 | Lair:5   | Lost mutation: You occasionally shout uncontrollably at
                  | your foes. [potion of mutation]
 22037 | Lair:5   | Lost mutation: You are weak. (Str -2) [potion of mutation]
 22037 | Lair:5   | Lost mutation: You expend magic power (3 MP) to strengthen
                  | your wands. [potion of mutation]
 22037 | Lair:5   | Gained mutation: You have a pair of small horns on your
                  | head. [potion of mutation]
 22037 | Lair:5   | Gained mutation: You do not regenerate when monsters are
                  | visible. [potion of mutation]
 22037 | Lair:5   | Gained mutation: Your flesh is cold resistant. (rC+)
                  | [potion of mutation]
 22038 | Lair:5   | Lost mutation: Your flesh is cold resistant. (rC+) [potion
                  | of mutation]
 22038 | Lair:5   | Lost mutation: You have a pair of small horns on your head.
                  | [potion of mutation]
 22038 | Lair:5   | Lost mutation: You do not regenerate when monsters are
                  | visible. [potion of mutation]
 22038 | Lair:5   | Gained mutation: You are occasionally teleported next to
                  | monsters. [potion of mutation]
 22038 | Lair:5   | Gained mutation: You have sharp toenails. [potion of
                  | mutation]
 22038 | Lair:5   | Gained mutation: You have a pair of small horns on your
                  | head. [potion of mutation]
 22038 | Lair:5   | Gained mutation: You are somewhat resistant to further
                  | mutation. [potion of mutation]
 22039 | Lair:5   | Lost mutation: You are occasionally teleported next to
                  | monsters. [potion of mutation]
 22039 | Lair:5   | Lost mutation: You are somewhat resistant to further
                  | mutation. [potion of mutation]
 22039 | Lair:5   | Lost mutation: You have a pair of small horns on your head.
                  | [potion of mutation]
 22039 | Lair:5   | Gained mutation: You are clumsy. (Dex -2) [potion of
                  | mutation]
 22039 | Lair:5   | Gained mutation: You occasionally lose the ability to drink
                  | potions when taking damage. [potion of mutation]
 22039 | Lair:5   | Gained mutation: Your mind is acute. (Int +4, Str/Dex -1)
                  | [potion of mutation]
 22039 | Lair:5   | Gained mutation: You expend magic power (3 MP) to
                  | strengthen your wands. [potion of mutation]
 22253 | Orc:1    | Entered Level 1 of the Orcish Mines
 22347 | Orc:2    | Entered Level 2 of the Orcish Mines
 22541 | Orc:2    | Noticed Urug
 22543 | Orc:2    | Killed Urug
 22611 | Orc:2    | Found Neutrotupp's Distillery.
 22612 | Orc:2    | Found Hasowa's Jewellery Shop.
 22614 | Orc:2    | Found Bebif's Weapon Boutique.
 22614 | Orc:2    | Found Veahil's Assorted Antiques.
 22617 | Orc:2    | Bought a potion of heal wounds for 65 gold pieces
 22617 | Orc:2    | Bought a potion of heal wounds for 65 gold pieces
 22620 | Orc:2    | Bought a heavily runed cloak for 237 gold pieces
 22620 | Orc:2    | Identified the +0 cloak "Eloimol" {rElec rN+} (You bought
                  | it in a shop on level 2 of the Orcish Mines)
 22682 | Orc:2    | Found Baqa's Armour Shoppe.
 22780 | Orc:2    | Found a staircase to the Elven Halls.
 22936 | Orc:2    | Found a transporter.
 22948 | Orc:2    | Found a transporter.
 22950 | Orc:2    | Noticed soul19's ghost (journeyman DsFi)
 23390 | Orc:2    | Killed soul19's ghost
 23421 | Orc:2    | Identified the +3 quarterstaff of the Nurturing Penguin
                  | {venom, Drain Will+++ Str-4 Int+7}
 23482 | Orc:2    | Bought the ring "Oceamegh" {Fly rCorr MP-9 Dex+6} for 273
                  | gold pieces
 23677 | Swamp:1  | Entered Level 1 of the Swamp
 23691 | Swamp:1  | Noticed Nikola
 23695 | Swamp:1  | Killed Nikola
 23696 | Swamp:1  | Reached skill level 10 in Armour
 24066 | Swamp:1  | Noticed Donald
 24072 | Swamp:1  | Killed Donald
 24334 | Swamp:1  | Reached skill level 25 in Ranged Weapons
 24722 | Swamp:1  | Found a shimmering altar of Xom.
 24865 | Swamp:2  | Reached XP level 17. HP: 90/90 MP: 14/23
 26163 | Swamp:3  | Noticed Jorgrun
 26168 | Swamp:3  | Killed Jorgrun
 26169 | Swamp:3  | Reached skill level 26 in Ranged Weapons
 26316 | Swamp:4  | Entered Level 4 of the Swamp
 26523 | Swamp:4  | Got the Papyrus of Fetid Detritus
 26561 | Swamp:4  | Reached skill level 27 in Ranged Weapons
 27092 | Swamp:4  | Reached skill level 10 in Fighting
 27351 | Swamp:4  | Noticed the 27-headed Lernaean hydra
 27355 | Swamp:4  | Killed the 27-headed Lernaean hydra
 27361 | Swamp:4  | Got a decaying rune of Zot
 27502 | Spider:1 | Entered Level 1 of the Spider Nest
 27856 | Spider:1 | Reached XP level 18. HP: 78/99 MP: 15/24
 28510 | D:11     | Bought a ring of see invisible for 180 gold pieces
 30855 | Spider:3 | Found a frozen archway.
 30871 | IceCv    | Entered an ice cave
 31646 | IceCv    | Noticed an Ice Fiend
 31656 | IceCv    | Killed an Ice Fiend
 32446 | Spider:3 | Reached XP level 19. HP: 106/108 MP: 16/25
 32603 | Spider:3 | Identified the +1 leather armour of the Ward {rPois MP+9
                  | Str+4 Slay+3}
 32817 | Spider:3 | Reached skill level 15 in Evocations
 33562 | Spider:4 | Entered Level 4 of the Spider Nest
 33775 | Spider:4 | Reached skill level 15 in Dodging
 34788 | Spider:4 | Noticed Aizul
 34796 | Spider:4 | Killed Aizul
 34911 | Spider:4 | Noticed Roxanne
 34919 | Spider:4 | Killed Roxanne
 35103 | Spider:4 | Reached XP level 20. HP: 110/114 MP: 21/26
 35153 | Spider:4 | Identified the scarf of Veuluj {rPois rF+ Int-2}
 35165 | Spider:4 | Got a gossamer rune of Zot
 35885 | D:13     | Identified the +1 dagger "Wycwaaff" {venom, Str+3}
 36602 | D:14     | Noticed Kirke
 36606 | D:14     | Killed Kirke
 36706 | D:14     | Found a basalt altar of Yredelemnul.
 37389 | Elf:1    | Entered Level 1 of the Elven Halls
 37453 | Elf:1    | Found Ochix's Jewellery Shoppe.
 37476 | Elf:1    | Found Ytwyepp's General Store.
 37481 | Elf:1    | Bought a scroll of magic mapping for 97 gold pieces
 37481 | Elf:1    | Bought a scroll of blinking for 97 gold pieces
 37508 | Elf:1    | Reached skill level 15 in Fighting
 37603 | Elf:1    | Got the Reference Book on the Salvo
 37604 | Elf:1    | Identified the +0 helmet of the Eight Boll Weevils {rElec
                  | rF+ rC+ Dex+2}
 37706 | Elf:1    | Found Wammi's Antique Armour Shoppe.
 37785 | Elf:1    | Bought an ominously black robe for 210 gold pieces
 37785 | Elf:1    | Identified the +1 robe of Greed {rElec rCorr Str+7 Stlth-}
                  | (You bought it in a shop on level 1 of the Elven Halls)
 37936 | Elf:1    | Found Dunosich's Jewellery Shop.
 38033 | Elf:1    | Found Foefet's Armour Emporium.
 38039 | Elf:1    | Bought the +0 troll leather armour of Purpose {rElec Will++
                  | Regen+ Str-4 Stlth+} for 486 gold pieces
 38284 | Elf:2    | Reached skill level 1 in Hexes
 38284 | Elf:2    | Reached skill level 1 in Translocations
 38285 | Elf:2    | Reached skill level 1 in Spellcasting
 38754 | Elf:2    | Learned a level 3 spell: Portal Projectile
 38819 | Elf:2    | Found a runed translucent gate.
 38820 | Elf:2    | Found a runed translucent gate.
 38820 | Elf:2    | Found a runed translucent gate.
 39139 | Elf:2    | Reached XP level 21. HP: 122/122 MP: 27/27
 39340 | Elf:3    | Entered Level 3 of the Elven Halls
 39500 | Elf:3    | Reached skill level 5 in Hexes
 39506 | Elf:3    | Reached skill level 5 in Spellcasting
 39506 | Elf:3    | Reached skill level 5 in Translocations
 40006 | Elf:3    | Identified the +6 halberd "Xisiupn" {vamp, Contam rN++
                  | Dex+5}
 40006 | Elf:3    | Identified the +0 robe "Giopa" {rC+ Regen+ Dex-5}
 40058 | Elf:3    | Identified the amulet "Kioxoh" {Reflect SH+5 Stlth+}
 40149 | Elf:3    | Identified the amulet of Dugoipp {Spirit rElec}
 40433 | Elf:3    | Got the Guidebook on Bringing Forth
 40454 | Elf:3    | Found the +3 Elemental Staff {rElec rF++ rC++ AC+5}
 40461 | Elf:3    | Identified the +7 arbalest of Sequestration {speed, rF- rC+
                  | Dex+6 SInv}
 40470 | Elf:3    | Identified the amulet "Zusurcha" {RegenMP Contam Rampage
                  | +Blink Str+2}
 41243 | Depths:1 | Entered Level 1 of the Depths
 41361 | Depths:1 | Lost mutation: You are clumsy. (Dex -2) [potion of
                  | mutation]
 41361 | Depths:1 | Lost mutation: You occasionally lose the ability to drink
                  | potions when taking damage. [potion of mutation]
 41361 | Depths:1 | Gained mutation: You are weak. (Str -2) [potion of
                  | mutation]
 41361 | Depths:1 | Gained mutation: Your movements are slightly less
                  | encumbered by armour. (ER -2) [potion of mutation]
 41361 | Depths:1 | Lost mutation: You are weak. (Str -2) [potion of mutation]
 41451 | Depths:1 | Found a gateway to Hell.
 41515 | Depths:1 | Found a glowing silver altar of Zin.
 41598 | Depths:1 | Found a sparkling altar of Nemelex Xobeh.
 41900 | Depths:1 | Found a runed translucent gate.
 41901 | Depths:1 | Found a runed translucent gate.
 41902 | Depths:1 | Found a runed translucent gate.
 41909 | Depths:1 | Noticed Osilorir's ghost (veteran MfMo)
 41938 | Depths:1 | Mangled by Osilorir's ghost

Illustrated notes

Levels and vault maps discovered:
D:1:      lightli_arrival_noodles, layout_loops_ring,
          chequers_serial_rivers_small_a
D:2:      layout_loops_ring, minmay_octomino_e4, uniq_sigmund
D:3:      layout_rooms, dancing_weapons_uskayaw, lemuel_crystal_altar,
          hellmonk_ecumenical_altar_dog_temple, kennysheep_orc_chapel
D:4:      layout_rooms, good_gods_mini_temple,
          mainiacjoe_overflow_cross_hatched, minmay_temple_entry_antechambers,
          amcnicky_mini_pool_small, uniq_ijyb
D:5:      layout_loops_corners, enter_ossuary_3, uniq_crazy_yiuf_cottage,
          uniq_grinder, uniq_edmund
D:6:      layout_basic, uniq_eustachio, uniq_blork_the_orc
D:7:      layout_basic, nicolae_overflow_hallway_of_the_gods, hex_large,
          roderic_three_in_a_row, uniq_joseph
D:8:      layout_basic, st_stairs_6, nicolae_shop_firing_range, uniq_erica
D:9:      layout_basic, due_lair_maze_entry_diamond,
          hangedman_abyss_or_decor_slice, laboratory
D:10:     layout_gridville, minmay_orc_entry_temple_small
D:11:     layout_irregular_city, serial_shops, nicolae_shop_window_shopping,
          shop, nicolae_shop_trees, shop_fountains, nicolae_shop_behind_doors,
          hellmonk_ghost_happy_afterlife, roderic_cross_of_infinity,
          uniq_erolcha, uniq_psyche
D:12:     layout_cave_pools, gammafunk_ghost_grave,
          nicolae_looking_at_the_future
D:13:     layout_loops_ring, serial_shops, shop, serial_aquarium,
          aquarium_bridge_long_separate [aquarium_subvault_wall,
          aquarium_subvault_bridge, aquarium_subvault_bridge,
          aquarium_subvault_bridge, aquarium_subvault_balcony,
          aquarium_subvault_window], aquarium_bridge_square
          [aquarium_subvault_window, aquarium_subvault_wall,
          aquarium_subvault_bridge, aquarium_subvault_window],
          aquarium_window_corridor_1, aquarium_window_2, aquarium_window_fake,
          aquarium_window_1, aquarium_view_2e, corexii_hall_statues_t,
          uniq_maurice, uniq_josephine
D:14:     layout_layer_cave, erik_vaults_1, yredelemnul_altar_generic,
          uniq_kirke
D:15:     hangedman_depths_entry_civil_slaughter, layout_gridville, uniq_nessos
Temple:   hellmonk_temple_divided_pantheon
Lair:1:   layout_roguey, serial_bayou_shore_b
Lair:2:   layout_long_grid, disabler_island, grunt_megastairs_5
Lair:3:   layout_loops_ring, skrybe_swamp_entry_bodies,
          hellmonk_spider_entry_life_and_decay, basic_altar,
          chequers_serial_rivers_room_b, uniq_gastronok
Lair:4:   layout_small_grid, gauntlet_entry_generic, uniq_sonja
Lair:5:   guppyfry_lair_end_dragon, layout_cave_pods, hangedman_lair_in_review,
          slime_entry_1, ebering_ghost_xom, st_stairs_8
Swamp:1:  layout_basic_swamp, evilmike_swamp_ruin_rubble_2,
          nicolae_swamp_godswood, swamp_pool4, uniq_donald, uniq_nikola
Swamp:2:  layout_basic_swamp, evilmike_swamp_ruin_house_1
Swamp:3:  nicolae_swamp_husk_halls, layout_basic_swamp,
          infiniplex_staircase_pool_2, uniq_jorgrun
Swamp:4:  grunt_swamp_rune_castle, layout_basic_swamp, swamp_pool1,
          nicolae_swamp_fairy_circle, infiniplex_staircase_pool
Spider:1: layout_cave_pods, nicolae_spider_baby_got_redback
Spider:2: layout_cave_pods
Spider:3: nicolae_spider_hilbert_zone_2 [nicolae_spider_hilbert_4_sides_1_open,
          nicolae_spider_hilbert_4_sides_1_open,
          nicolae_spider_hilbert_4_sides_1_open,
          nicolae_spider_hilbert_4_sides_1_open,
          nicolae_spider_hilbert_6_sides_1_open,
          nicolae_spider_hilbert_6_sides_1_open,
          nicolae_spider_hilbert_3_sides_1_open,
          nicolae_spider_hilbert_3_sides_1_open,
          nicolae_spider_hilbert_3_sides_1_open,
          nicolae_spider_hilbert_3_sides_1_open,
          nicolae_spider_hilbert_6_sides_1_open,
          nicolae_spider_hilbert_6_sides_1_open,
          nicolae_spider_hilbert_6_sides_1_open,
          nicolae_spider_hilbert_6_sides_1_open],
          portal_ice_cave_entry_ice_statue_two, drop_trap,
          nicolae_spider_swamp_cousins
Spider:4: floodkiller_spider_rune_tomb, uniq_roxanne, uniq_aizul
Orc:1:    layout_caves
Orc:2:    st_orc_mages, layout_caves, serial_shops, shop,
          gammafunk_ghost_stat_death, uniq_urug
Elf:1:    eino_elf_arrival_customs, layout_geoelf_octagon, serial_shops,
          nicolae_shop_statue_plus, nicolae_shop_temple_entry_statues_fountains,
          shop, nicolae_shop_trees, nicolae_lakefront_shop,
          minmay_elf_annihilation
Elf:2:    nicolae_elf_blades_crystal_corner, layout_gridlike
Elf:3:    minmay_elf_hall_not_hex, layout_geoelf_grid, glass_columns_a,
          dreamdust_princess_bridge, drop_trap
Depths:1: layout_cave_pools, ebering_ghost_rock_garden, zin_angel,
          serial_rivers, chequers_serial_rivers_large_b,
          chequers_serial_rivers_small_3, chequers_serial_rivers_large_a,
          chequers_serial_rivers_small_b, hell_entry, nemelex_spade_bored_becter

Skill      XL: |  1  2  3  4  5  6  7  8  9 10 11 12 13 14 15 16 17 18 19 20 21 |
---------------+----------------------------------------------------------------+-----
Fighting       | 3 5 7 9 11 14 16 | 16.0
Ranged Weapons | 7 8 10 12 15 19 20 24 25 27 | 27.0
Dodging        | 4 6 10 14 17 18 | 18.0
Armour         | 2 6 10 | 10.0
Evocations     | 6 10 14 16 | 16.0
Invocations    | 9 |  9.0
Hexes          | 4 8 |  8.0
Translocations | 4 8 |  8.0
Spellcasting   | 4 8 |  8.0
Stealth        | |  1.3

Action                     |  1- 3 |  4- 6 |  7- 9 | 10-12 | 13-15 | 16-18 | 19-21 || total
---------------------------+-------+-------+-------+-------+-------+-------+-------++-------
   Fire: Shortbow          |    75 |    64 |   353 |    48 |       |       |       ||   540
         Triple crossbow   |       |       |       |   228 |   448 |   799 |   689 ||  2164
   Cast: Portal Projectile |       |       |       |       |       |       |     1 ||     1
 Invoke: Recall Ancestor   |       |       |     1 |     3 |     5 |     1 |       ||    10
         Ancestor Life: Kn |       |       |     1 |       |       |       |       ||     1
         Transference      |       |       |       |       |     2 |       |     2 ||     4
         Idealise          |       |       |       |       |     1 |     3 |     3 ||     7
  Evoke: Wand              |       |       |     1 |       |     1 |     1 |       ||     3
         Phantom mirror    |       |       |       |       |     1 |       |       ||     1
    Use: Scroll            |     6 |     6 |    15 |     8 |    12 |     5 |     4 ||    56
         Potion            |       |       |     2 |     1 |     7 |     9 |     2 ||    21
 Armour: Leather armour    |    13 |    14 |    35 |    40 |    26 |    10 |     8 ||   146
         Swamp dragon scal |       |       |       |       |       |    64 |     7 ||    71
  Dodge: Dodged            |    33 |    27 |    87 |   118 |   203 |   397 |   328 ||  1193
  Block: Other             |       |       |    14 |    30 |    12 |       |       ||    56
         Reflection        |       |       |     1 |       |     1 |       |       ||     2

Table legend: (Time is in decaauts)
 A = Elapsed time spent in this place.
 B = Non-inter-level travel time spent in this place.
 C = Inter-level travel time spent in this place.
 D = Time resting spent in this place.
 E = Time spent auto-exploring this place.
 F = Levels seen in this place.
 G = Mean time per level.
                   A        B        C        D        E       F      G
               +--------+--------+--------+--------+--------+-----+--------+
         Total |  42315 |  39558 |   2757 |   7457 |  26362 |  38 | 1113.6 |
       Dungeon |  18059 |  16883 |   1176 |   3467 |  11404 |  15 | 1203.9 |
        Temple |     40 |     40 |      0 |      0 |      9 |   1 |   40.0 |
          Lair |   5919 |   5211 |    708 |    292 |   4231 |   5 | 1183.8 |
         Swamp |   3826 |   3649 |    177 |    774 |   2389 |   4 |  956.5 |
   Spider Nest |   6367 |   6108 |    259 |   1251 |   3877 |   4 | 1591.8 |
  Orcish Mines |   1442 |   1209 |    233 |     14 |    915 |   2 |  721.0 |
   Elven Halls |   3657 |   3458 |    199 |    664 |   2204 |   3 | 1219.0 |
        Depths |    695 |    695 |      0 |      0 |    583 |   1 |  695.0 |
       Ossuary |    278 |    278 |      0 |      0 |    148 |   1 |  278.0 |
      Ice Cave |   1181 |   1181 |      0 |    508 |    451 |   1 | 1181.0 |
      Gauntlet |    846 |    846 |      0 |    487 |    150 |   1 |  846.0 |
               +--------+--------+--------+--------+--------+-----+--------+

Top non-repeatable levels by time:
    D:14: 2137 daAuts
    D:11: 2057 daAuts
  Lair:5: 1895 daAuts
Spider:1: 1776 daAuts
Spider:4: 1767 daAuts
Spider:3: 1616 daAuts
   Elf:3: 1613 daAuts
     D:9: 1530 daAuts
    D:10: 1529 daAuts
   Orc:2: 1309 daAuts
    D:12: 1285 daAuts
    D:13: 1273 daAuts
     D:5: 1237 daAuts
Spider:2: 1206 daAuts
   IceCv: 1181 daAuts
